BSA
SPRINGFIELD STARS @ KENILWORTH ACES
05/17/2030
 
TOP OF THE 1ST
Springfield Stars batting - Pitching for Kenilworth Aces : RHP Lorenzo Aguilar
Pitching: RHP Lorenzo Aguilar
Batting: RHB Norberto Taváres 0-0: Swinging Strike
0-1: Foul Ball, location: 2F
0-2: Ball
1-2: Ball
2-2: Foul Ball, location: 2F
2-2: Foul Ball, location: 2F
2-2: Ball
3-2: Ground out 3-1 (Groundball, 34S)
Batting: LHB Jesús Tobías 0-0: Ball
1-0: Called Strike
1-1: Ball
2-1: Ground out 6-3 (Groundball, 6)
Batting: LHB Derek Davidson 0-0: Ball
1-0: Foul Ball, location: 2F
1-1: Called Strike
1-2: Ball
2-2: Ground out 3-1 (Groundball, 34S)
Top of the 1st over - 0 runs, 0 hits, 0 errors, 0 left on base; Springfield 0 - Kenilworth 0
BOTTOM OF THE 1ST
Kenilworth Aces batting - Pitching for Springfield Stars : RHP Rien Middelkamp
Pitching: RHP Rien Middelkamp
Batting: LHB Barrett Waters 0-0: Bunt for hit - play at first, batter OUT! 1-3
Batting: RHB Luis Sánchez 0-0: Ball
1-0: Ground out 6-3 (Groundball, 6D)
Batting: LHB Santiago Márquez 0-0: Called Strike
0-1: Called Strike
0-2: Strikes out swinging
Bottom of the 1st over - 0 runs, 0 hits, 0 errors, 0 left on base; Springfield 0 - Kenilworth 0
TOP OF THE 2ND
Springfield Stars batting - Pitching for Kenilworth Aces : RHP Lorenzo Aguilar
Batting: LHB Felipe Guerrero 0-0: Ball
1-0: Ball
2-0: Ball
3-0: Base on Balls
Batting: LHB Elliott Newell 0-0: Ball
1-0: Foul Ball, location: 2F
1-1: Called Strike
1-2: Strikes out swinging
Batting: RHB Calvin Bennett 0-0: Fly out, F8 (Flyball, 8LXD)
Batting: SHB António De La Cruz 0-0: Ball
1-0: Called Strike
1-1: Foul Ball, location: 2F
1-2: Ball
2-2: Ball
Felipe Guerrero steals 2nd base
3-2: Ground out 3-1 (Groundball, 34S)
Top of the 2nd over - 0 runs, 0 hits, 0 errors, 1 left on base; Springfield 0 - Kenilworth 0
BOTTOM OF THE 2ND
Kenilworth Aces batting - Pitching for Springfield Stars : RHP Rien Middelkamp
Batting: LHB Roy Patrick 0-0: Called Strike
0-1: Ball
1-1: Fly out, F8 (Flyball, 8LM)
Batting: LHB Roger Moore 0-0: Ball
1-0: Called Strike
1-1: Ball
2-1: Swinging Strike
2-2: Strikes out looking
Batting: RHB Andrés Lara 0-0: Ground out 4-3 (Groundball, 4)
Bottom of the 2nd over - 0 runs, 0 hits, 0 errors, 0 left on base; Springfield 0 - Kenilworth 0
TOP OF THE 3RD
Springfield Stars batting - Pitching for Kenilworth Aces : RHP Lorenzo Aguilar
Batting: LHB Mike Pearson 0-0: Ball
1-0: Foul Ball, location: 2F
1-1: Foul Ball, location: 2F
1-2: Ball
2-2: Strikes out swinging
Batting: RHB Juan Carlos Rodríguez 0-0: Ball
1-0: SINGLE (Groundball, 6MD)
Batting: RHB Norberto Taváres 0-0: Foul Ball, location: 2F
0-1: Ball
1-1: Foul Ball, location: 2F
1-2: Foul Ball, location: 2F
1-2: Foul Ball, location: 2F
1-2: Ball
2-2: Ball
3-2: SINGLE (Groundball, 56D)
Juan Carlos Rodríguez to second
Batting: LHB Jesús Tobías 0-0: Ball
1-0: SINGLE (Groundball, 6M) (infield hit)
Juan Carlos Rodríguez to third
Norberto Taváres to second
Batting: LHB Derek Davidson 0-0: SINGLE (Groundball, 34D)
Juan Carlos Rodríguez scores
Norberto Taváres to third
Jesús Tobías to second
Runner from 3rd tries for Home, SAFE, no throw
Batting: LHB Felipe Guerrero 0-0: Ball
1-0: Called Strike
1-1: Fly out, F9 (Flyball, 9)
Batting: LHB Elliott Newell 0-0: Ball
1-0: Called Strike
1-1: Ball
2-1: Foul Ball, location: 2F
2-2: Foul Ball, location: 2F
2-2: Ball
3-2: Base on Balls
Jesús Tobías to third
Derek Davidson to second
Batting: RHB Calvin Bennett 0-0: Swinging Strike
0-1: Foul Ball, location: 2F
0-2: Ground out 1-3 (Groundball, 13S)
Top of the 3rd over - 2 runs, 4 hits, 0 errors, 3 left on base; Springfield 2 - Kenilworth 0
BOTTOM OF THE 3RD
Kenilworth Aces batting - Pitching for Springfield Stars : RHP Rien Middelkamp
Batting: LHB Jim Jensen 0-0: Ball
1-0: Foul Ball, location: 2F
1-1: Foul Ball, location: 2F
1-2: SOLO HOME RUN (Flyball, 9D), Distance : 398 ft
Batting: RHB Hollis Wood 0-0: Fly out, F8 (Line Drive, 89D)
Batting: RHB Taylor McFarland 0-0: Fly out, F6 (Line Drive, 6MD)
Batting: LHB Barrett Waters 0-0: Ball
1-0: Fly out, F9 (Flyball, 9LSF)
Bottom of the 3rd over - 1 run, 1 hit, 0 errors, 0 left on base; Springfield 2 - Kenilworth 1
TOP OF THE 4TH
Springfield Stars batting - Pitching for Kenilworth Aces : RHP Lorenzo Aguilar
Batting: SHB António De La Cruz 0-0: Called Strike
0-1: Fly out, F9 (Flyball, 9S)
Batting: LHB Mike Pearson 0-0: SINGLE (Line Drive, 7S)
Batting: RHB Juan Carlos Rodríguez 0-0: Called Strike
0-1: Ball
1-1: Ball
2-1: Called Strike
Mike Pearson steals 2nd base
2-2: Fly out, F8 (Flyball, 8LS)
Batting: RHB Norberto Taváres 0-0: Called Strike
0-1: Foul Ball, location: 2F
0-2: Ball
1-2: Foul Ball, location: 2F
1-2: Ball
2-2: Ball
3-2: Ground out 3-1 (Groundball, 34S)
Top of the 4th over - 0 runs, 1 hit, 0 errors, 1 left on base; Springfield 2 - Kenilworth 1
BOTTOM OF THE 4TH
Kenilworth Aces batting - Pitching for Springfield Stars : RHP Rien Middelkamp
Batting: RHB Luis Sánchez 0-0: Called Strike
0-1: Ball
1-1: Ball
2-1: Foul Ball, location: 2F
2-2: Ball
3-2: Fly out, F8 (Flyball, 8LXD)
Batting: LHB Santiago Márquez 0-0: Ball
1-0: Foul Ball, location: 2F
1-1: Swinging Strike
1-2: Fly out, F8 (Flyball, 8RD)
Batting: LHB Roy Patrick 0-0: Ball
1-0: Foul Ball, location: 2F
1-1: Ball
2-1: Ball
3-1: Foul Ball, location: 2F
3-2: Ground out 5-3 (Groundball, 5)
Bottom of the 4th over - 0 runs, 0 hits, 0 errors, 0 left on base; Springfield 2 - Kenilworth 1
TOP OF THE 5TH
Springfield Stars batting - Pitching for Kenilworth Aces : RHP Lorenzo Aguilar
Batting: LHB Jesús Tobías 0-0: Ball
1-0: Ball
2-0: TRIPLE (Flyball, 8LXD)
Batting: LHB Derek Davidson 0-0: Ball
1-0: Ground out 4-3 (Groundball, 4)
Jesús Tobías scores
Batting: LHB Felipe Guerrero 0-0: Swinging Strike
0-1: Ball
1-1: Ball
2-1: Ball
3-1: Called Strike
3-2: Strikes out looking
Batting: LHB Elliott Newell 0-0: Ball
1-0: Ball
2-0: Foul Ball, location: 2F
2-1: Ball
3-1: Called Strike
3-2: Strikes out swinging
Top of the 5th over - 1 run, 1 hit, 0 errors, 0 left on base; Springfield 3 - Kenilworth 1
BOTTOM OF THE 5TH
Kenilworth Aces batting - Pitching for Springfield Stars : RHP Rien Middelkamp
Batting: LHB Roger Moore 0-0: Called Strike
0-1: Ground out 6-3 (Groundball, 6)
Batting: RHB Andrés Lara 0-0: Called Strike
0-1: Swinging Strike
0-2: Ball
1-2: Strikes out swinging
Batting: LHB Jim Jensen 0-0: Ground out 6-3 (Groundball, 6S)
Bottom of the 5th over - 0 runs, 0 hits, 0 errors, 0 left on base; Springfield 3 - Kenilworth 1
TOP OF THE 6TH
Springfield Stars batting - Pitching for Kenilworth Aces : RHP Lorenzo Aguilar
Batting: RHB Calvin Bennett 0-0: Ball
1-0: Foul Ball, location: 2F
1-1: Foul Ball, location: 2F
1-2: Foul Ball, location: 2F
1-2: Foul Ball, location: 2F
1-2: Ball
2-2: Foul Ball, location: 2F
2-2: Fly out, F9 (Flyball, 9S)
Batting: SHB António De La Cruz 0-0: Called Strike
0-1: Foul Ball, location: 2F
0-2: Foul Ball, location: 2F
0-2: Foul Ball, location: 2F
0-2: Fly out, F9 (Flyball, 9)
Batting: LHB Mike Pearson 0-0: Called Strike
0-1: Ground out U3 (Groundball, 34S)
Top of the 6th over - 0 runs, 0 hits, 0 errors, 0 left on base; Springfield 3 - Kenilworth 1
BOTTOM OF THE 6TH
Kenilworth Aces batting - Pitching for Springfield Stars : RHP Rien Middelkamp
Batting: RHB Hollis Wood 0-0: Ball
1-0: Ground out 4-3 (Groundball, 4S)
Batting: RHB Taylor McFarland 0-0: Ball
1-0: Swinging Strike
1-1: Fly out, F7 (Flyball, 7LM)
Batting: LHB Barrett Waters 0-0: Ball
1-0: Foul Ball, location: 2F
1-1: Swinging Strike
1-2: Ground out U3 (Groundball, 34)
Bottom of the 6th over - 0 runs, 0 hits, 0 errors, 0 left on base; Springfield 3 - Kenilworth 1
TOP OF THE 7TH
Springfield Stars batting - Pitching for Kenilworth Aces : RHP Lorenzo Aguilar
Batting: RHB Juan Carlos Rodríguez 0-0: Ball
1-0: Ball
2-0: Called Strike
2-1: SOLO HOME RUN (Flyball, 7LD), Distance : 377 ft
Batting: RHB Norberto Taváres 0-0: Ball
1-0: Called Strike
1-1: Ball
2-1: Ball
3-1: Foul Ball, location: 2F
3-2: Base on Balls
Pitching: LHP Mark Murchison
Batting: LHB Jesús Tobías 0-0: Swinging Strike
0-1: Foul Ball, location: 2F
0-2: Ball
1-2: SINGLE (Groundball, 4D)
Norberto Taváres to second
Runner from 2nd tries for 3rd, SAFE, throw made to third
Batting: LHB Derek Davidson 0-0: Ball
1-0: Foul Ball, location: 2F
1-1: Ball
2-1: Foul Ball, location: 2F
2-2: Ground out 4-3 (Groundball, 4M)
Jesús Tobías to second
Batting: LHB Felipe Guerrero 0-0: Foul Ball, location: 2F
0-1: Foul Ball, location: 2F
0-2: Foul Ball, location: 2F
0-2: Strikes out swinging
Batting: LHB Elliott Newell 0-0: Foul Ball, location: 2F
0-1: Foul Ball, location: 2F
0-2: Ball
1-2: Ball
2-2: Ball
3-2: Base on Balls
Batting: RHB Calvin Bennett 0-0: Swinging Strike
0-1: Ground out 4-3 (Groundball, 4)
Top of the 7th over - 1 run, 2 hits, 0 errors, 3 left on base; Springfield 4 - Kenilworth 1
BOTTOM OF THE 7TH
Kenilworth Aces batting - Pitching for Springfield Stars : RHP Rien Middelkamp
Batting: RHB Luis Sánchez 0-0: Ball
1-0: Ball
2-0: Ball
3-0: Base on Balls
Batting: LHB Santiago Márquez 0-0: Called Strike
0-1: Ball
1-1: Reached on error, E1 (Groundball, P)
Luis Sánchez to second
Batting: LHB Roy Patrick 0-0: Foul Ball, location: 2F
0-1: Called Strike
0-2: Ball
1-2: Fly out, F7 (Flyball, 78D)
Batting: LHB Roger Moore 0-0: Called Strike
0-1: Called Strike
0-2: Foul Ball, location: 2F
0-2: Strikes out swinging
Batting: RHB Andrés Lara 0-0: Ball
1-0: Ball
2-0: Ball
3-0: Fielders Choice at 2nd, 6-4 (Groundball, 6)
Bottom of the 7th over - 0 runs, 0 hits, 1 error, 2 left on base; Springfield 4 - Kenilworth 1
TOP OF THE 8TH
Springfield Stars batting - Pitching for Kenilworth Aces : LHP Mark Murchison
Batting: SHB António De La Cruz 0-0: Ground out 4-3 (Groundball, 4M)
Batting: LHB Mike Pearson 0-0: Ball
1-0: Ball
2-0: Ground out 4-3 (Groundball, 4)
Batting: RHB Juan Carlos Rodríguez 0-0: Ball
1-0: Ball
2-0: Fly out, F7 (Flyball, 7S)
Top of the 8th over - 0 runs, 0 hits, 0 errors, 0 left on base; Springfield 4 - Kenilworth 1
BOTTOM OF THE 8TH
Kenilworth Aces batting - Pitching for Springfield Stars : RHP Rien Middelkamp
Batting: LHB Jim Jensen 0-0: Called Strike
0-1: Foul Ball, location: 2F
0-2: Ground out 6-3 (Groundball, 6)
Batting: RHB Hollis Wood 0-0: Called Strike
0-1: Called Strike
0-2: Ball
1-2: Ground out 5-3 (Groundball, 56)
Batting: RHB Taylor McFarland 0-0: Called Strike
0-1: Fly out, F7 (Flyball, 7S)
Bottom of the 8th over - 0 runs, 0 hits, 0 errors, 0 left on base; Springfield 4 - Kenilworth 1
TOP OF THE 9TH
Springfield Stars batting - Pitching for Kenilworth Aces : LHP Mark Murchison
Pitching: RHP Robinson Gonzáles
Batting: RHB Norberto Taváres 0-0: Called Strike
0-1: Ground out 1-3 (Groundball, 15)
Batting: LHB Jesús Tobías 0-0: Ball
1-0: Called Strike
1-1: Fly out, F4 (Flyball, 4MD)
Batting: LHB Derek Davidson 0-0: Ball
1-0: Fly out, F9 (Flyball, 9D)
Top of the 9th over - 0 runs, 0 hits, 0 errors, 0 left on base; Springfield 4 - Kenilworth 1
BOTTOM OF THE 9TH
Kenilworth Aces batting - Pitching for Springfield Stars : RHP Rien Middelkamp
Pitching: RHP José Valdéz
Batting: LHB Barrett Waters 0-0: Ground out 6-3 (Groundball, 6M)
Batting: RHB Luis Sánchez 0-0: Called Strike
0-1: Swinging Strike
0-2: Strikes out swinging
Batting: LHB Santiago Márquez 0-0: Ball
1-0: Ball
2-0: Called Strike
2-1: Fly out, F3 (Line Drive, 34)
Bottom of the 9th over - 0 runs, 0 hits, 0 errors, 0 left on base; Springfield 4 - Kenilworth 1
Saturday, April 7th, 2018 - OOTP Baseball 18.8 Build 76